cohdb
Replays
Latest Replays
All Replays
Popular Replays
Top Player Replays
Match Explorer
How It Works
Community
CoH3 Stats
Reddit
Sign in to upload your games and track your stats! →
Sign in with Steam
Match 40631662
Unlisted
Match 40631662
Overview
Messages
Build Orders
End
Construct Section Command Post
Infantry Section
Infantry Section
Infantry Section
Construct Field Infirmary
Infantry Section
Construct Platoon Command Post
Grenade Package
Selects Canadian Shock Battlegroup
Selects Incendiary Munitions
Selects Pyrotechnics
Unlock Bishop Self-propelled Artillery
Bishop Self-propelled Artillery
6-pounder Anti-tank Gun Team
Selects Demolition Engineering
Demolition Engineering
Construct Company Command Post
Selects Attacking Spirit
Selects Canadian Shock Section
Foot Guards Section
Foot Guards Section
Foot Guards Section
Selects Point Assault
Valdai
Aguram
TORPEDA
Bob
0
0
Comments
sign in to comment!
No comments posted yet!